 Dungeon Crawl Stone Soup version 0.19-a0-585-ge40200b (webtiles) character file.

25 ololoev the Covered (level 2, -2/24 HPs)
             Began as a Demonspawn Fighter on June 9, 2016.
             Slain by an orc
             ... wielding a +0 flail
              (5 damage)
             ... on level 3 of the Dungeon.
             The game lasted 00:01:32 (323 turns).

ololoev the Covered (Demonspawn Fighter)             Turns: 323, Time: 00:01:33

Health: -2/24      AC:  6    Str: 21    XL:     2   Next: 82%
Magic:  2/2        EV:  7    Int:  9    God:
Gold:   18         SH:  9    Dex: 12    Spells: 0 memorised, 1 level left

rFire  . . .     SeeInvis .     a - +0 long sword
rCold  . . .     Gourm    .     b - +0 scale mail
rNeg   . . .     Faith    .     c - +0 shield
rPois  .         Spirit   .     (no helmet)
rElec  .         Dismiss  .     (no cloak)
rCorr  .         Reflect  .     (no gloves)
SustAt .         Harm     .     (no boots)
MR     .....                    (no amulet)
Stlth  ..........               (no ring)
                                (no ring)

@: mighty, not resistant to hostile enchantments, extremely unstealthy
A: rot immunity
a: no special abilities


Innate Abilities, Weirdness & Mutations

You are immune to rotting.

Inventory:

Hand Weapons
 a - a +0 long sword (weapon)
Armour
 b - a +0 scale mail (worn)
 c - a +0 shield (worn)
Scrolls
 e - a scroll of noise {unknown}
 h - a scroll of identify {unknown}
 i - a scroll of remove curse {unknown}
Potions
 g - a potion of heal wounds {unknown}
Comestibles
 f - a bread ration


   Skills:
 - Level 3.0 Fighting
 * Level 2.6 Long Blades
 + Level 3.1 Armour
 - Level 2.6 Shields


You had one spell level left.
You didn't know any spells.


You were on level 3 of the Dungeon.
You were not hungry.

You visited 1 branch of the dungeon, and saw 3 of its levels.

You collected 18 gold pieces.

#....#...........##..8.
#..##.........<†..##
..............#.†...#
...........##...)#)..#
[........$.......#....#
....#.........<.......#
..#.....................
.......o...............#
..###.@o...............
. #ob................
g..................
......>..............
...S...#.#........b...
.......#...#.##.
.......#####.# ....... #

Notes
Turn   | Place    | Note
--------------------------------------------------------------
     0 | D:1      | ololoev the Demonspawn Fighter began the quest for the Orb.
     0 | D:1      | Reached XP level 1. HP: 18/18 MP: 1/1
   243 | D:2      | Noticed a fire elemental
   245 | D:2      | Found a stormy altar of Qazlal.
   246 | D:2      | Noticed an earth elemental
   246 | D:2      | Noticed an air elemental
   246 | D:2      | Noticed a water elemental
   275 | D:2      | Gained mutation: You are immune to rotting. [demonic ancestry]
   275 | D:2      | Reached XP level 2. HP: 19/24 MP: 2/2
   278 | D:3      | Found a glowing golden altar of the Shining One.
   323 | D:3      | Slain by an orc

Dungeon Overview and Level Annotations

Branches:
Dungeon (3/15)

Altars:
Qazlal
The Shining One


Message History

The bat hits you but does no damage.
You see here a bat corpse.
You closely miss the bat.
The bat is moderately wounded.
You block the bat's attack.
You hit the bat.
You kill the bat!
No target in view!
No target in view!
No target in view!
No target in view!
No target in view!
No target in view!
No target in view!
No target in view!
No target in view!
No target in view!
No target in view!
No target in view!
No target in view!
No target in view!
No target in view!
No target in view!
No target in view!
No target in view!
Found a bread ration.
There is a stone staircase leading up here.
A quokka comes into view.
Found a silvery potion.
You see here 12 gold pieces.
An orc comes into view. It is wielding a flail.
The orc shouts!
An orc comes into view. It is wielding a club.
An orc priest comes into view. It is wielding a hand axe.
The orc priest shouts!
The orc priest looks braver for a moment.
You see here a scroll labeled GAIMARA UTWE.
i - a scroll labeled GAIMARA UTWE You block the quokka's attack.
You feel very mighty all of a sudden.
You hear the slow rusting of a very distant drain.
The quokka bites you but does no damage.
You slash the quokka!
You kill the quokka!
You closely miss the orc. The orc hits you with a flail.
A hobgoblin comes into view.
You are too injured to fight recklessly!
You are too injured to fight recklessly!
You are too injured to fight recklessly!
You are too injured to fight recklessly!
You are too injured to fight recklessly!
You are too injured to fight recklessly!
You are too injured to fight recklessly!
You are too injured to fight recklessly!
You are too injured to fight recklessly!
You are too injured to fight recklessly!
You are too injured to fight recklessly!
You are too injured to fight recklessly!
You are too injured to fight recklessly!
You are too injured to fight recklessly!
You are too injured to fight recklessly!
You are too injured to fight recklessly!
You are too injured to fight recklessly!
You are too injured to fight recklessly!
You are too injured to fight recklessly!
You are too injured to fight recklessly!
You are too injured to fight recklessly!
You are too injured to fight recklessly!
You barely miss the orc.
The hobgoblin shouts!
The orc hits you with a flail.
The hobgoblin moves out of view.
A bat and a ball python come into view.
You block the orc priest's attack. The orc hits you but does no damage.
The orc hits you with a flail.
Found a leather armour.
You hit the orc priest.
The orc priest is lightly wounded.
The orc priest hits you with a hand axe.
You block the orc's attack. The orc hits you with a flail.
You die...

You could see an orc priest, 2 orcs, a hobgoblin, a bat and a ball python.

Vanquished Creatures
  An adder (D:2)
  A giant gecko (D:2)
  A goblin (D:3)
  A hobgoblin (D:3)
  A kobold (D:1)
  2 quokkas
  5 bats
  A giant newt (D:2)
  A rat (D:1)
14 creatures vanquished.

Action                   || total
-------------------------++-------
Melee: Long sword        ||    48
  Use: Potion            ||     1
Armor: Scale mail        ||    47
Dodge: Dodged            ||    20
Block: Shield            ||    35

Vault maps used:
D:1:      roderic_octagonal_star, minmay_ruptured
D:2:      nicolae_qazlal_style_of_elements
D:3:      nicolae_overflow_hidden_temple, led_sif_book, lemuel_round_altar,
          portal_sewer_entry_f, glass_columns_b, tso_metal_star
